 Dungeon Crawl Stone Soup version 0.30.1-11-g7821555f0a (webtiles) character file.

Game seed: 13540342844876883800

8 lonewolfV2 the Trooper (level 2, -1/24 HPs)
             Began as a Demonspawn Fighter on Oct 30, 2023.
             Slain by a quokka (2 damage)
             ... on level 1 of the Dungeon.
             The game lasted 00:00:41 (179 turns).

lonewolfV2 the Trooper (Demonspawn Fighter)          Turns: 179, Time: 00:00:41

Health: -1/24      AC:  8    Str: 16    XL:     2   Next: 0%
Magic:  2/2        EV:  6    Int: 11    God:
Gold:   12         SH:  4    Dex: 12    Spells: 1/1 levels left

rFire   . . .        a - +0 war axe
rCold   . . .        c - +0 buckler
rNeg    . . .        e - +0 chain mail
rPois   .            (no helmet)
rElec   .            (no cloak)
rCorr   .            (no gloves)
SInv    .            (no boots)
Will    .....        (no amulet) Stlth
                     (no ring)
HPRegen 0.24/turn    (no ring)
MPRegen 0.08/turn

%: no passive effects
@: no status effects
A: big brain 1
a: no special abilities


You were on level 1 of the Dungeon.
You visited 1 branch of the dungeon, and saw 1 of its levels.

You collected 12 gold pieces.

Inventory:

Hand Weapons
 a - a +0 war axe (weapon)
Armour
 c - a +0 buckler (worn)
 e - a +0 chain mail (worn)
Scrolls
 b - a scroll of immolation {unknown}
Potions
 d - a potion of might


   Skills:
 + Level 3.2 Fighting
 * Level 2.2 Axes
 - Level 2.6 Armour
 - Level 2.6 Shields


You had one spell level left.
You didn't know any spells.
Your spell library was empty.

Dungeon Overview and Level Annotations

Branches:
Dungeon (1/15)

Altars:


Innate Abilities, Weirdness & Mutations

You have an unusually large brain. (Int +2)


Message History

The quokka bites you but does no damage.
The quokka bites you.
* * * LOW HITPOINT WARNING * * *
The quokka bites you but does no damage.
The quokka bites you but does no damage.
The quokka bites you but does no damage.
The quokka bites you but does no damage.
The quokka completely misses you. The quokka barely misses you.
You block the quokka's attack.
The quokka bites you but does no damage.
The quokka bites you but does no damage.
You block the quokka's attack.
The quokka bites you but does no damage.
The quokka closely misses you. The quokka barely misses you.
The quokka barely misses you. The quokka closely misses you.
The quokka bites you.
* * * LOW HITPOINT WARNING * * *
The quokka bites you but does no damage.
The quokka bites you.
* * * LOW HITPOINT WARNING * * *
The quokka bites you but does no damage.
The quokka closely misses you. The quokka barely misses you.
The quokka bites you.
* * * LOW HITPOINT WARNING * * *
The quokka bites you but does no damage.
The quokka bites you but does no damage. x2
You block the quokka's attack. The quokka closely misses you.
You block the quokka's attack.
The quokka bites you but does no damage.
The quokka bites you but does no damage.
You block the quokka's attack.
The quokka bites you but does no damage.
The quokka bites you.
* * * LOW HITPOINT WARNING * * *
You block the quokka's attack. The quokka bites you.
You die...

.....####.. ...#### ........#.
...#. . .........#. >.... ..# .
..#........ ... (..# B. ..
..#...#..... ... ...## .. . ..
..#.....# #.#...... #$. .
.#..#.....r## #.#......
.#.#.#.#.#...#..@.#######.#......
..#.#.#.#..##.............†......
##.#..)#.##............(....#####
..#.....#....................#
##...<...######..............#
..#.....#...................)#
##.#...#.##..................#
..#.#.#.#..##................#
.#.#.#.#.#...#†................


You could see a quokka.

Vanquished Creatures
  2 dart slugs (D:1)
  2 giant cockroaches (D:1)
4 creatures vanquished.

Notes
Turn   | Place    | Note
-------+----------+-------------------------------------------
     0 | D:1      | lonewolfV2 the Demonspawn Fighter began the quest for the
                  | Orb.
     0 | D:1      | Reached XP level 1. HP: 18/18 MP: 1/1
    74 | D:1      | Gained mutation: You have an unusually large brain. (Int
                  | +2) [demonic ancestry]
    74 | D:1      | Reached XP level 2. HP: 24/24 MP: 2/2
   168 | D:1      | HP: 1/24 [quokka (4)]
   177 | D:1      | HP: 1/24 [quokka (2)]
   179 | D:1      | Slain by a quokka

Illustrated notes

Levels and vault maps discovered:
D:1:      minmay_arrival_radiant_lines, layout_rooms, serial_shops, shop,
          chequers_ecumenical_altar_island, minmay_tiny_reverse_x

Skill      XL: |  1 |
---------------+----+-----
Axes           | 2 |  2.2
Fighting       | |  3.2
Armour         | |  2.6
Shields        | |  2.6

Action                     || total
---------------------------++-------
  Melee: War axe           ||     9
 Armour: Chain mail        ||    53
         Scale mail        ||     1
  Dodge: Dodged            ||    32
  Block: Buckler           ||    27
